 Dungeon Crawl Stone Soup version 0.17.0-28-g6e173f8 (webtiles) character file.

204 PossumBlood the Sneak (level 5, -6/36 HPs)
             Began as an Octopode Monk on Dec 3, 2015.
             Mangled by an ogre
             ... wielding a +0 giant club
              (15 damage)
             ... on level 4 of the Dungeon.
             The game lasted 00:04:32 (2167 turns).

PossumBlood the Sneak (Octopode Monk)               Turns: 2167, Time: 00:04:32

Health: -6/36      AC:  1    Str: 10    XL:     5   Next: 82%
Magic:  5/5        EV: 14    Int: 13    God:
Gold:   99         SH:  0    Dex: 15    Spells: 0 memorised, 4 levels left

rFire  . . .     SeeInvis .       - Unarmed
rCold  . . .     Clarity  .     (no shield)
rNeg   . . .     SustAt   .     (helmet restricted)
rPois  .         Gourm    .     (no amulet)
rElec  .         Spirit   .     e - ring of protection from magic
rCorr  .         Warding  .     r - ring of protection from magic
rMut   .         Stasis   .     (no ring)
MR     ++...                    (no ring)
Stlth  ++++......               (no ring)
                                (no ring)
                                (no ring)
                                (no ring)

@: very resistant to hostile enchantments, stealthy
A: almost no armour, amphibious, 8 rings, constrict 8, camouflage 1, gelatinous
body 1
a: no special abilities


You were on level 4 of the Dungeon.
You were not hungry.

You visited 1 branch of the dungeon, and saw 4 of its levels.

You collected 99 gold pieces.

Inventory:

Jewellery
 e - a ring of protection from magic (left tentacle)
 r - a ring of protection from magic (right tentacle)
Scrolls
 c - a scroll of teleportation {unknown}
 d - a scroll of noise {unknown}
 f - 3 scrolls of identify {unknown}
 i - a scroll of recharging {unknown}
 k - a scroll of blinking {unknown}
 n - a scroll of enchant armour {unknown}
 o - a scroll of enchant weapon {unknown}
 p - a scroll of random uselessness {unknown}
 q - a scroll of magic mapping {unknown}
 s - a scroll of remove curse {unknown}
Potions
 h - a potion of cancellation {unknown}
 j - a potion of agility {unknown}
 l - a potion of curing {unknown}
 m - a potion of flight {unknown}
Comestibles
 a - 2 bread rations
 b - a meat ration
 g - 2 slices of pizza


   Skills:
 + Level 3.5 Fighting
 + Level 3.9 Dodging
 + Level 5.5 Stealth
 + Level 5.0 Unarmed Combat


You had 4 spell levels left.
You didn't know any spells.

Dungeon Overview and Level Annotations

Branches:
Dungeon (4/15)
 Temple: D:4-7

Altars:


Innate Abilities, Weirdness & Mutations

You cannot wear most types of armour.
You are amphibious.
You can wear up to eight rings at the same time.
You can use your tentacles to constrict eight enemies at once.
Your skin changes colour to match your surroundings (Stealth).
Your rubbery body absorbs attacks (AC +1).


Message History

You now have 88 gold pieces (gained 11).
An ogre comes into view. It is wielding a giant club.
You see here 11 gold pieces.
Found a scroll labeled ZUARRI HYREAPP.
You see here 11 gold pieces.
You now have 99 gold pieces (gained 11).
The ogre hits you with a giant club!!
Ouch! That really hurt!
* * * LOW HITPOINT WARNING * * *
You are too injured to fight recklessly!
You are too injured to fight recklessly!
You are too injured to fight recklessly!
You are too injured to fight recklessly!
You are too injured to fight recklessly!
You tentacle-slap the ogre. You squeeze the ogre.
The ogre is moderately wounded.
You tentacle-slap the ogre. Your squeeze misses the ogre.
The ogre is moderately wounded.
The ogre hits you with a giant club!
You die...

..# ##### #.# ....
..#####.######.#
..............#
#..........# ###
#.#.######.# #
#....#.#.# #.# ..#
#......<.######.##.....
..##...........@.......
###.########O##..... #.
#.# .?.# #. #.# #.# #.
#.# # #. #.# #. #.# ...


You could see an ogre.

Vanquished Creatures
  An orc priest (D:3)
  5 adders
  3 gnolls (D:2)
  3 oozes
  A worm (D:2)
  4 giant geckos
  6 orcs (D:3)
  A ball python (D:3)
  4 bats
  9 goblins
  9 hobgoblins
  4 jackals (D:3)
  4 giant cockroaches
  5 giant newts
  9 kobolds
  9 rats
77 creatures vanquished.

Notes
Turn   | Place    | Note
--------------------------------------------------------------
     0 | D:1      | PossumBlood the Octopode Monk began the quest for the Orb.
     0 | D:1      | Reached XP level 1. HP: 16/16 MP: 1/1
    44 | D:1      | Reached XP level 2. HP: 21/21 MP: 2/2
   276 | D:1      | Reached XP level 3. HP: 24/26 MP: 3/3
   543 | D:2      | Reached XP level 4. HP: 22/31 MP: 4/4
  1157 | D:2      | Reached XP level 5. HP: 30/36 MP: 5/5
  1536 | D:3      | Reached skill level 5 in Stealth
  1893 | D:3      | Reached skill level 5 in Unarmed Combat
  2160 | D:4      | Noticed an ogre
  2167 | D:4      | Mangled by an ogre

Action                   |  1- 3 |  4- 6 || total
-------------------------+-------+-------++-------
Melee: Unarmed           |    62 |   111 ||   173
 Stab: Sleeping          |    10 |    15 ||    25
       Distracted        |     2 |       ||     2
  Eat: Bread ration      |       |     1 ||     1
